Map: Aura mortal EE

Players

MrFercho - Winner!

  • Race: Zerg Zerg
  • League: Silver
  • Spawn Location: 11:00

GDTheKid

  • Race: Terran Terran
  • League: Silver
  • Spawn Location: 5:00

VOD

Have the link to the VOD?

Description

Time

  • Played on: June 20, 2020, 10:51 p.m.
  • Length: 14:17
Show
View Real Time Build Order
Export as new Build Order

MrFercho Zerg - Winner!

Build Orders: Hatch First 

Get SALT Encoding   

  12  0:01  Drone  
  13  0:17  Overlord  
  13  0:19  Drone  
  14  0:36  Drone x2  
  14  0:40  Drone  
  17  0:56  Hatchery  
  16  0:58  Drone  
  17  1:13  Spawning Pool  
  17  1:15  Drone  
  17  1:17  Drone  
  18  1:23  Drone  
  19  1:36  Drone, Extractor  
  19  1:44  Drone  
  20  1:56  Drone  
  21  2:06  Overlord  
  21  2:07  Queen  
  23  2:10  Queen  
  23  2:12  Overlord  
  25  2:17  Drone  
  25  2:19  Drone  
  27  2:29  Drone  
  28  2:33  Overlord  
  28  2:38  Drone  
  28  2:41  Drone  
  30  2:49  Queen  
  32  2:51  Lair  
  32  2:53  Drone x2  
  34  3:00  Drone  
  34  3:01  Drone  
  36  3:09  Drone  
  37  3:13  Drone  
  37  3:16  Drone  
  37  3:19  Drone x4  
  43  3:21  Drone  
  43  3:23  Overlord  
  43  3:25  Drone  
  45  3:39  Spore Crawler  
  44  3:44  Spine Crawler  
  44  3:47  Spine Crawler  
  42  3:54  Roach Warren  
  41  3:58  Evolution Chamber  
  41  4:01  Extractor  
  39  4:03  Extractor  
  38  4:13  Spine Crawler  
  38  4:16  Spine Crawler, Spore Crawler  
  35  4:19  Spine Crawler  
  35  4:21  Drone x6  
  40  4:28  Zerg Missile Weapons Level 1  
  40  4:32  Zergling x6  
  40  4:33  Glial Reconstitution  
  43  4:51  Drone  
  43  4:52  Drone x4  
  48  4:53  Extractor  
  47  5:05  Hydralisk Den  
  46  5:08  Drone x6  
  52  5:22  Overlord x4  
  52  5:23  Overlord  
  52  5:24  Hatchery, Extractor  
  50  5:31  Extractor  
  50  5:34  Roach  
  51  5:40  Roach x2  
  55  6:01  Roach x3, Hydralisk  
  63  6:06  Overlord  
  63  6:08  Overlord  
  63  6:09  Drone x4  
  67  6:16  Drone x4  
  71  6:23  Drone  
  71  6:24  Drone  
  73  6:38  Hydralisk x4  
  69  7:16  Hydralisk x6  
  69  7:17  Hydralisk x6  
  93  7:25  Grooved Spines  
  93  7:30  Overlord x3  
  93  7:31  Overlord  
  93  7:33  Drone x2  
  95  7:50  Drone x4  
  95  7:51  Drone  
  100  8:15  Drone x9  
  109  8:29  Overlord  
  109  8:30  Overlord  
  109  8:31  Overlord x2  
  109  8:32  Overlord  
  109  8:35  Hatchery  
  109  8:36  Muscular Augments  
  109  8:39  Extractor  
  109  8:40  Hydralisk, Extractor  
  109  8:41  Hydralisk x2  
  108  8:46  Zerg Missile Weapons Level 2  
  112  8:53  Evolution Chamber  
  111  8:59  Infestation Pit  
  110  9:07  Hatchery, Drone  
  110  9:08  Drone x7  
  117  9:42  Queen  
  117  9:44  Drone x5  
  117  9:45  Drone x4  
  128  10:26  Queen  
  130  10:33  Zerg Ground Armor Level 1  
  130  10:42  Hive  
  128  10:53  Hydralisk x14  
  128  10:54  Hydralisk x5  
  143  11:17  Drone  
  143  11:18  Drone x3  
  147  11:24  Drone x6  
  147  11:25  Drone  
  154  11:29  Overlord  
  154  11:30  Overlord x3  
  154  11:41  Hatchery  
  154  11:43  Hatchery  
  152  11:50  Hydralisk x7  
  152  11:51  Hydralisk x7  
  180  12:04  Hydralisk x8  
  180  12:06  Pneumatized Carapace  
  196  12:46  Hydralisk  
  196  12:47  Hydralisk  
  172  13:33  Hydralisk x11  
  172  13:34  Hydralisk x7  
  196  13:45  Hydralisk x4  
Show
View Real Time Build Order
Export as new Build Order

GDTheKid Terran 

Build Orders:  

Get SALT Encoding   

  12  0:01  SCV  
  13  0:14  Supply Depot  
  13  0:18  SCV  
  14  0:30  SCV  
  15  0:36  Barracks  
  15  0:43  Refinery  
  15  0:45  SCV  
  16  0:58  SCV  
  17  1:10  SCV  
  18  1:22  SCV  
  18  1:24  Supply Depot  
  18  1:25  Refinery, Marine  
  20  1:34  SCV  
  21  1:43  Marine  
  21  1:46  SCV  
  23  1:53  Factory  
  23  1:58  SCV  
  24  2:01  Barracks Reactor  
  24  2:10  SCV  
  25  2:26  Orbital Command  
  25  2:39  Factory Tech Lab  
  25  2:49  Marine  
  25  2:50  Marine  
  27  2:51  Command Center  
  27  2:57  SCV, Starport  
  28  3:09  SCV, Supply Depot  
  29  3:15  Marine x2  
  31  3:30  Siege Tank  
  34  3:35  Starport Reactor  
  34  3:40  SCV  
  35  3:53  SCV  
  36  3:56  Supply Depot  
  36  3:59  Marine  
  36  4:00  Marine  
  38  4:16  Marine  
  38  4:18  Marine  
  38  4:20  Supply Depot  
  38  4:21  Liberator  
  38  4:23  Liberator  
  46  4:40  Refinery, Siege Tank  
  46  4:42  Supply Depot  
  49  4:56  Marine x2  
  49  4:59  Barracks  
  51  5:04  Liberator  
  51  5:05  Supply Depot  
  54  5:11  Liberator  
  57  5:15  SCV  
  58  5:28  Orbital Command  
  58  5:31  Marine x2  
  60  5:45  SCV  
  60  5:49  Marine x2  
  63  5:50  Barracks Tech Lab  
  64  5:57  SCV  
  64  5:59  Engineering Bay  
  64  6:05  SCV  
  64  6:06  Marine  
  64  6:07  Marine  
  64  6:09  SCV  
  68  6:12  Medivac  
  68  6:13  Medivac  
  68  6:17  SCV  
  73  6:21  SCV  
  73  6:24  Marine x2  
  76  6:27  Stimpack  
  76  6:29  SCV, Terran Infantry Weapons Level 1  
  77  6:33  SCV  
  77  6:36  Missile Turret  
  78  6:41  SCV  
  78  6:43  Refinery  
  78  6:44  Marine  
  78  6:45  SCV, Marine x2  
  83  6:53  SCV  
  84  6:57  SCV  
  84  6:58  Missile Turret  
  76  7:22  Marine x2  
  77  7:23  Marauder  
  80  7:40  Marine x2  
  82  7:44  Marauder  
  81  7:54  Supply Depot  
  81  7:57  Medivac  
  81  7:58  Medivac, Marine  
  86  8:03  Fusion Core  
  86  8:07  Combat Shield, Starport  
  86  8:15  SCV, Marine  
  86  8:16  Marauder, Marine  
  86  8:18  Supply Depot  
  91  8:24  Terran Infantry Armor Level 1  
  91  8:33  Marine  
  91  8:34  Barracks  
  92  8:35  Medivac  
  92  8:40  Medivac, Marauder  
  98  8:42  Supply Depot  
  98  8:44  Starport Tech Lab  
  98  8:46  Marine  
  99  8:51  Marine  
  100  9:01  Marauder  
  102  9:03  Command Center  
  102  9:04  Supply Depot, Marine, Siege Tank  
  102  9:08  Marine  
  107  9:21  Barracks Tech Lab  
  107  9:22  Marine  
  107  9:23  Marauder  
  110  9:26  Supply Depot, Marine  
  110  9:29  Missile Turret  
  110  9:30  SCV x2  
  113  9:40  Supply Depot, Marine  
  113  9:42  SCV  
  113  9:43  SCV  
  113  9:44  Marauder  
  118  9:49  Supply Depot  
  118  9:50  Missile Turret  
  118  9:54  SCV  
  118  9:55  SCV  
  118  9:58  Marine  
  118  9:59  Marauder  
  123  10:00  Marine  
  123  10:02  Supply Depot  
  123  10:06  Marauder  
  123  10:07  SCV x2  
  128  10:10  Medivac x2  
  128  10:13  Missile Turret  
  132  10:16  Marine  
  132  10:17  Orbital Command  
  132  10:20  Marauder  
  135  10:21  Refinery  
  135  10:25  Marine  
  135  10:27  Supply Depot, Marauder  
  138  10:34  Marine  
  139  10:42  Marauder  
  141  10:43  Marine  
  141  10:48  Marauder  
  143  10:50  Supply Depot  
  111  11:02  Marine x2  
  111  11:03  Marauder  
  102  11:10  Marauder  
  102  11:13  SCV  
  102  11:15  Supply Depot  
  103  11:20  Marine x2  
  103  11:24  Marine  
  103  11:25  SCV  
  106  11:27  Siege Tank  
  106  11:31  Marine  
  110  11:37  SCV  
  110  11:38  Marine x2  
  113  11:42  Marine  
  114  11:48  Marine  
  114  11:49  SCV  
  116  11:55  Marine  
  116  11:56  Marine  
  116  11:59  Marine  
  120  12:01  SCV  
  120  12:06  Command Center, Marine  
  121  12:09  Refinery  
  121  12:13  SCV, Marine  
  121  12:15  Marine  
  124  12:17  Marine  
  124  12:22  Concussive Shells  
  125  12:25  SCV, Marauder  
  125  12:28  Armory  
  128  12:31  Marine  
  128  12:33  Marine  
  128  12:36  Marauder  
  132  12:38  Armory  
  132  12:46  Marauder  
  132  12:48  Barracks  
  132  12:49  Marine  
  132  12:50  Marine  
  136  12:54  Battlecruiser  
  136  12:57  Marauder  
  144  13:07  Marauder, Marine  
  144  13:08  Marine  
  121  13:18  Marauder  
  95  13:24  Marine  
  95  13:26  Marine  
  68  13:29  Marauder  
  62  13:39  Marine  
  52  13:42  Marine  
  49  13:49  Marine  
Tags
 
Matchup
TvZ
Replay Pack
MrFercho
Spawn Locations
Cross Positions
Add a new tag
Caveats
  • Supply blocks, unpowered buildings, or Contaminate may cause inaccurate times.
  • Supply counts are checked every 10 seconds.